 Dungeon Crawl Stone Soup version 0.27.1-4-g1640c2035a (webtiles) character file.

Game seed: 2396135100687439345

49 scsoc the Skirmisher (level 3, -9/33 HPs)
             Began as a Hill Orc Fighter on Nov 5, 2021.
             Mangled by Sigmund (10 damage)
             ... on level 2 of the Dungeon.
             The game lasted 00:02:28 (1449 turns).

scsoc the Skirmisher (Hill Orc Fighter)             Turns: 1449, Time: 00:02:28

Health: -9/33      AC:  8    Str: 19    XL:     3   Next: 77%
Magic:  3/3        EV:  7    Int:  8    God:
Gold:   67         SH:  9    Dex: 10    Spells: 2/2 levels left

rFire    . . .     SeeInvis .   a - +0 war axe
rCold    . . .     Faith    .   c - +0 kite shield
rNeg     . . .     Spirit   .   b - +0 scale mail
rPois    .         Reflect  .   (no helmet)
rElec    .         Harm     .   (no cloak)
rCorr    .         Rampage  .   (no gloves)
Will     .....                  g - +0 pair of boots
Stlth    ..........             (no amulet)
HPRegen  0.11/turn              (no ring)
MPRegen  0.08/turn              (no ring)

@: no status effects
A: no striking features
a: no special abilities


You were on level 2 of the Dungeon.
You visited 1 branch of the dungeon, and saw 2 of its levels.

You collected 67 gold pieces.

Inventory:

Hand Weapons
 a - a +0 war axe (weapon)
Armour
 b - a +0 scale mail (worn)
 c - a +0 kite shield (worn)
 g - a +0 pair of boots (worn)
Scrolls
 j - a scroll of blinking
Potions
 d - a potion of might
 e - 2 potions of curing {unknown}
 f - a potion of lignification
 h - a potion of cancellation {unknown}
 i - a potion of flight {unknown}


   Skills:
 + Level 4.2 Fighting
 + Level 3.4 Axes
 + Level 3.7 Armour
 + Level 0.2 Dodging
 + Level 3.8 Shields


You had 2 spell levels left.
You didn't know any spells.
Your spell library was empty.

Dungeon Overview and Level Annotations

Branches:
Dungeon (2/15)

Altars:

Annotations:
D:2 Sigmund


Message History

You are too confused!
You are too confused!
You are too confused!
You are too confused!
You are too confused!
You are too confused!
You are too confused!
You are too confused!
You are too confused!
You bump into the rock wall.
Sigmund hits you but does no damage.
You're too confused to move!
You miss Sigmund.
Sigmund is lightly wounded.
Sigmund hits you but does no damage.
You hit Sigmund.
Sigmund is moderately wounded.
You feel less confused.
Sigmund gestures wildly while chanting.
Sigmund flickers and vanishes!
Deactivating autopickup; reactivate with Ctrl-A.
Something hits you!
You hit something. Something hits you.
You closely miss something. Something hits you!
You miss something. Something completely misses you.
You closely miss something.
You hear some strange, mumbled words.
Something tries to affect you, but you resist.
You closely miss something. Something hits you!
* * * LOW HITPOINT WARNING * * *
You closely miss something. You block something's attack.
You miss something.
You hear some strange, mumbled words.
Something tries to affect you, but you resist.
You hear some strange, mumbled words.
A magic dart appears from out of thin air!
The magic dart hits you.
* * * LOW HITPOINT WARNING * * *
You miss something. Something hits you but does no damage.
You closely miss something. Something hits you!
You die...

......>...#
####.#.##.#
#^#.##.# #8#.##.##
### ####^####..#
..# ...#.#.....##
#.#
###..#..#..##.##.#
#.....#...#...{#
#..#....#.#.##@#
###..##.....#....#
#.........<...##.#
#................#
#......(.........#
......(.......#.##
.....#####.#..#.##
.....# #.......###
.....#
##..#.....#####


There were no monsters in sight!

Vanquished Creatures
  An adder (D:2)
  A dart slug (D:1)
  4 ball pythons
  6 bats
  2 giant cockroaches (D:1)
  3 goblins
  4 hobgoblins
  3 jackals (D:1)
  3 kobolds (D:1)
  4 frilled lizards (D:1)
  4 rats
35 creatures vanquished.

Notes
Turn   | Place    | Note
-------+----------+-------------------------------------------
     0 | D:1      | scsoc the Hill Orc Fighter began the quest for the Orb.
     0 | D:1      | Reached XP level 1. HP: 19/19 MP: 1/1
   146 | D:1      | Reached skill level 4 in Fighting
   153 | D:1      | Reached XP level 2. HP: 25/27 MP: 2/2
   395 | D:1      | Reached XP level 3. HP: 29/33 MP: 3/3
  1431 | D:2      | Noticed Sigmund
  1447 | D:2      | HP: 1/33 [something/magic dart (5)]
  1449 | D:2      | Mangled by Sigmund

Illustrated notes

Levels and vault maps discovered:
D:1:      lightli_arrival_isolated_outpost, layout_basic, minivault_5,
          minmay_misc_feat_pillars, minivault_5, lemuel_another_geyser
D:2:      layout_basic, ebering_dispersal_statue_hall,
          kennysheep_generic_room_4, uniq_sigmund

Skill      XL: |  1  2 |
---------------+-------+-----
Fighting       | 4 |  4.2
Axes           | 3 |  3.4
Armour         | |  3.7
Dodging        | |  0.2
Shields        | |  3.8

Action                   || total
-------------------------++-------
Melee: War axe           ||   118
  Use: Scroll            ||     5
       Potion            ||     1
Armor: Scale mail        ||    61
Dodge: Dodged            ||    30
Block: Kite shield       ||    71
